TOP OF THE 1ST |
Scottsdale Scorpions batting - Pitching for Savannah Hogs : RHP Nelson Cruz
|
Pitching: RHP Nelson Cruz
|
|
Batting: LHB José Garza
|
0-0: SINGLE (Groundball, 34D)
|
Batting: LHB Alberto Roberts
|
0-0: Called Strike 0-1: Foul Ball, location: 2F 0-2: Ball 1-2: Strikes out swinging
|
Batting: RHB Lúcio Ramírez
|
0-0: Swinging Strike 0-1: Grounds into double play, 6-4-3 (Groundball, 6)
|
Top of the 1st over - 0 run(s), 1 hit(s), 0 error(s), 0 left on base; Scottsdale 0 - Savannah 0 |
BOTTOM OF THE 1ST |
Savannah Hogs batting - Pitching for Scottsdale Scorpions : LHP Brant Goff
|
Pitching: LHP Brant Goff
|
|
Batting: RHB Ernesto Gómez
|
0-0: Ball 1-0: Ball 2-0: Ball 3-0: Called Strike 3-1: Called Strike 3-2: Base on Balls
|
Batting: RHB Sergio Moreno
|
0-0: Fly out, F8 (Line Drive, 8RM)
|
Batting: RHB Remi Eruzione
|
0-0: Ball 1-0: SINGLE (Flyball, 8LS) Ernesto Gómez to second
|
Batting: RHB Henry Dawson
|
0-0: Ball 1-0: SINGLE (Groundball, 56D) Ernesto Gómez to third Remi Eruzione to second Runner from 3rd tries for Home, SAFE, throw made home Remi Eruzione to third Henry Dawson to second
|
Batting: RHB Anastasio Movonda
|
0-0: Ground out 5-3 (Groundball, 56) Remi Eruzione scores
|
Batting: LHB Ivan Costello
|
0-0: Ball 1-0: Ball 2-0: Reached via error on a dropped throw, E1 Henry Dawson to third
|
Batting: LHB Manny Hernández
|
0-0: Ball 1-0: Foul Ball, location: 2F 1-1: Foul Ball, location: 2F 1-2: Foul Ball, location: 2F 1-2: Fielders Choice at 2nd, 4-6 (Groundball, 4)
|
Bottom of the 1st over - 2 run(s), 2 hit(s), 1 error(s), 1 left on base; Scottsdale 0 - Savannah 2 |
TOP OF THE 2ND |
Scottsdale Scorpions batting - Pitching for Savannah Hogs : RHP Nelson Cruz
|
Batting: SHB Arnold Moore
|
0-0: Foul Ball, location: 2F 0-1: Swinging Strike 0-2: Fly out, F8 (Flyball, 89D)
|
Batting: RHB Sergio Domínguez
|
0-0: Fly out, F6 (Popup, 56)
|
Batting: SHB Juan Gonzáles
|
0-0: Called Strike 0-1: Ball 1-1: Foul Ball, location: 2F 1-2: Ball 2-2: Strikes out swinging
|
Top of the 2nd over - 0 run(s), 0 hit(s), 0 error(s), 0 left on base; Scottsdale 0 - Savannah 2 |
BOTTOM OF THE 2ND |
Savannah Hogs batting - Pitching for Scottsdale Scorpions : LHP Brant Goff
|
Batting: RHB Júlio Peña
|
0-0: Ball 1-0: Ball 2-0: Ball 3-0: Base on Balls
|
Batting: LHB Jim Clemente
|
0-0: Called Strike 0-1: Ball 1-1: Ball 2-1: Swinging Strike 2-2: Foul Ball, location: 2F 2-2: Foul Ball, location: 2F 2-2: Ball 3-2: Fly out, F8 (Flyball, 8RM)
|
Batting: RHB Ernesto Gómez
|
0-0: Ball 1-0: Ball 2-0: Called Strike 2-1: Swinging Strike 2-2: Ball 3-2: Foul Ball, location: 2F 3-2: Strikes out swinging
|
Batting: RHB Sergio Moreno
|
0-0: Called Strike 0-1: Called Strike 0-2: Ball 1-2: Foul Ball, location: 2F 1-2: Ball 2-2: Fly out, F3 (Line Drive, 3)
|
Bottom of the 2nd over - 0 run(s), 0 hit(s), 0 error(s), 1 left on base; Scottsdale 0 - Savannah 2 |
TOP OF THE 3RD |
Scottsdale Scorpions batting - Pitching for Savannah Hogs : RHP Nelson Cruz
|
Batting: LHB Manny Vigil
|
0-0: Ball 1-0: Single, Error in OF, E7, batter to second base
|
Batting: RHB Jaime Delgado
|
0-0: Called Strike 0-1: Foul Ball, location: 2F 0-2: Ball 1-2: Ball 2-2: Ball 3-2: Strikes out swinging
|
Batting: RHB Robinson Fernández
|
0-0: Ball 1-0: Ball 2-0: Fly out, F8 (Flyball, 8RD) Runner from 2nd tags up, SAFE at 3rd, no throw
|
Batting: LHB José Garza
|
0-0: Ball 1-0: Ball 2-0: Called Strike 2-1: Ball 3-1: Base on Balls
|
Batting: LHB Alberto Roberts
|
0-0: Ball 1-0: Called Strike 1-1: Fly out, F8 (Flyball, 78S)
|
Top of the 3rd over - 0 run(s), 1 hit(s), 1 error(s), 2 left on base; Scottsdale 0 - Savannah 2 |
BOTTOM OF THE 3RD |
Savannah Hogs batting - Pitching for Scottsdale Scorpions : LHP Brant Goff
|
Batting: RHB Remi Eruzione
|
0-0: Ball 1-0: Ball 2-0: Called Strike 2-1: Foul Ball, location: 2F 2-2: Ball 3-2: Strikes out swinging
|
Batting: RHB Henry Dawson
|
0-0: Ball 1-0: Foul Ball, location: 2F 1-1: Ball 2-1: SINGLE (Line Drive, 7LS)
|
Batting: RHB Anastasio Movonda
|
0-0: Called Strike 0-1: Ball 1-1: Ball 2-1: Reached on error, E6 (Groundball, 6) Henry Dawson to second
|
Batting: LHB Ivan Costello
|
0-0: Fly out, F9 (Flyball, 9LDF) Runner from 2nd tags up, SAFE at 3rd, no throw
|
Batting: LHB Manny Hernández
|
0-0: Foul Ball, location: 2F 0-1: Ball 1-1: Foul Ball, location: 2F 1-2: Fly out, F6 (Line Drive, 6)
|
Bottom of the 3rd over - 0 run(s), 1 hit(s), 1 error(s), 2 left on base; Scottsdale 0 - Savannah 2 |
TOP OF THE 4TH |
Scottsdale Scorpions batting - Pitching for Savannah Hogs : RHP Nelson Cruz
|
Batting: RHB Lúcio Ramírez
|
0-0: Called Strike 0-1: Foul Ball, location: 2F 0-2: Ball 1-2: Ball 2-2: Ground out 4-3 (Groundball, 4)
|
Batting: SHB Arnold Moore
|
0-0: Foul Ball, location: 2F 0-1: Swinging Strike 0-2: Foul Ball, location: 2F 0-2: Foul Ball, location: 2F 0-2: Strikes out looking
|
Batting: RHB Sergio Domínguez
|
0-0: Foul Ball, location: 2F 0-1: Ground out 6-3 (Groundball, 6S)
|
Top of the 4th over - 0 run(s), 0 hit(s), 0 error(s), 0 left on base; Scottsdale 0 - Savannah 2 |
BOTTOM OF THE 4TH |
Savannah Hogs batting - Pitching for Scottsdale Scorpions : LHP Brant Goff
|
Batting: RHB Júlio Peña
|
0-0: Ball 1-0: Called Strike 1-1: Swinging Strike 1-2: Foul Ball, location: 2F 1-2: Ball 2-2: Strikes out swinging
|
Batting: LHB Jim Clemente
|
0-0: Ball 1-0: Ball 2-0: Swinging Strike 2-1: Ball 3-1: SOLO HOME RUN (Flyball, 8LXD), Distance : 414 ft
|
Batting: RHB Ernesto Gómez
|
0-0: Called Strike 0-1: Fly out, F4 (Line Drive, 4M)
|
Batting: RHB Sergio Moreno
|
0-0: Ball 1-0: Called Strike 1-1: Swinging Strike 1-2: Ball 2-2: Ball 3-2: DOUBLE (Flyball, 8RD)
|
Batting: RHB Remi Eruzione
|
0-0: Called Strike 0-1: Called Strike 0-2: Ball 1-2: Ball 2-2: Ball 3-2: Fly out, F7 (Line Drive, 7S)
|
Bottom of the 4th over - 1 run(s), 2 hit(s), 0 error(s), 1 left on base; Scottsdale 0 - Savannah 3 |
TOP OF THE 5TH |
Scottsdale Scorpions batting - Pitching for Savannah Hogs : RHP Nelson Cruz
|
Batting: SHB Juan Gonzáles
|
0-0: Called Strike 0-1: Ball 1-1: Ground out 3-1 (Groundball, 34)
|
Batting: LHB Manny Vigil
|
0-0: Ball 1-0: Ball 2-0: Ball 3-0: Foul Ball, location: 2F 3-1: Base on Balls
|
Batting: RHB Jaime Delgado
|
0-0: Fly out, F7 (Flyball, 78M)
|
Batting: RHB Robinson Fernández
|
0-0: Called Strike Manny Vigil is caught stealing 2nd base
|
Top of the 5th over - 0 run(s), 0 hit(s), 0 error(s), 0 left on base; Scottsdale 0 - Savannah 3 |
BOTTOM OF THE 5TH |
Savannah Hogs batting - Pitching for Scottsdale Scorpions : LHP Brant Goff
|
Pitching: RHP Julian Corbitt
|
|
Batting: RHB Henry Dawson
|
0-0: Ball 1-0: Ball 2-0: Foul Ball, location: 2F 2-1: Foul Ball, location: 2F 2-2: Strikes out swinging
|
Batting: RHB Anastasio Movonda
|
0-0: SINGLE (Line Drive, 78M)
|
Batting: LHB Ivan Costello
|
0-0: Swinging Strike 0-1: Called Strike 0-2: Strikes out swinging
|
Batting: LHB Manny Hernández
|
0-0: Called Strike 0-1: Fielders Choice at 2nd, 4-6 (Groundball, 34D)
|
Bottom of the 5th over - 0 run(s), 1 hit(s), 0 error(s), 0 left on base; Scottsdale 0 - Savannah 3 |
TOP OF THE 6TH |
Scottsdale Scorpions batting - Pitching for Savannah Hogs : RHP Nelson Cruz
|
Batting: RHB Robinson Fernández
|
0-0: Ball 1-0: Ground out 4-3 (Groundball, 34D)
|
Batting: LHB José Garza
|
0-0: Called Strike 0-1: Swinging Strike 0-2: Foul Ball, location: 2F 0-2: Ball 1-2: Foul Ball, location: 2F 1-2: Foul Ball, location: 2F 1-2: Ball 2-2: Foul Ball, location: 2F 2-2: SINGLE (Groundball, 5D)
|
Batting: LHB Alberto Roberts
|
0-0: Ball 1-0: Fly out, F8 (Flyball, 8LM)
|
Batting: RHB Lúcio Ramírez
|
0-0: Ball 1-0: Swinging Strike 1-1: Swinging Strike 1-2: Fielders Choice at 2nd, 4-6 (Groundball, 4)
|
Top of the 6th over - 0 run(s), 1 hit(s), 0 error(s), 0 left on base; Scottsdale 0 - Savannah 3 |
BOTTOM OF THE 6TH |
Savannah Hogs batting - Pitching for Scottsdale Scorpions : RHP Julian Corbitt
|
Batting: RHB Júlio Peña
|
0-0: Called Strike 0-1: Swinging Strike 0-2: Ball 1-2: SINGLE (Groundball, 6MD)
|
Batting: LHB Jim Clemente
|
0-0: Ball 1-0: Called Strike 1-1: Foul Ball, location: 2F 1-2: Foul Ball, location: 2F 1-2: Strikes out swinging
|
Batting: RHB Ernesto Gómez
|
0-0: Ball 1-0: Called Strike 1-1: Ball 2-1: Foul Ball, location: 2F 2-2: Ball 3-2: Fly out, F4 (Line Drive, 4M)
|
Batting: RHB Sergio Moreno
|
0-0: Ball 1-0: Swinging Strike 1-1: Ball 2-1: Called Strike 2-2: Ball 3-2: Foul Ball, location: 2F 3-2: Strikes out swinging
|
Bottom of the 6th over - 0 run(s), 1 hit(s), 0 error(s), 1 left on base; Scottsdale 0 - Savannah 3 |
TOP OF THE 7TH |
Scottsdale Scorpions batting - Pitching for Savannah Hogs : RHP Nelson Cruz
|
Batting: SHB Arnold Moore
|
0-0: Ball 1-0: Ball 2-0: Ball 3-0: Called Strike 3-1: Swinging Strike 3-2: Base on Balls
|
Batting: RHB Sergio Domínguez
|
0-0: SINGLE (Groundball, 34D) Arnold Moore to second Runner from 2nd tries for 3rd, SAFE, throw made to third
|
Batting: SHB Juan Gonzáles
|
0-0: Swinging Strike 0-1: Called Strike 0-2: Foul Ball, location: 2F 0-2: Foul Ball, location: 2F 0-2: Strikes out swinging
|
Pitching: LHP Miguel Valentín
|
|
Batting: LHB Manny Vigil
|
0-0: Ball 1-0: Called Strike 1-1: Called Strike 1-2: Strikes out swinging
|
Batting: RHB Jaime Delgado
|
0-0: Ball Wild Pitch! Arnold Moore scores Sergio Domínguez to second 1-0: Ground out 6-3 (Groundball, 6)
|
Top of the 7th over - 1 run(s), 1 hit(s), 0 error(s), 1 left on base; Scottsdale 1 - Savannah 3 |
BOTTOM OF THE 7TH |
Savannah Hogs batting - Pitching for Scottsdale Scorpions : RHP Julian Corbitt
|
Batting: RHB Remi Eruzione
|
0-0: Ball 1-0: Ground out 5-3 (Groundball, 56S)
|
Batting: RHB Henry Dawson
|
0-0: Ball 1-0: Called Strike 1-1: Foul Ball, location: 2F 1-2: SINGLE (Line Drive, 78S)
|
Batting: RHB Anastasio Movonda
|
0-0: Ball 1-0: SINGLE (Groundball, 4D) Henry Dawson to second Runner from 2nd tries for 3rd, SAFE, no throw
|
Batting: LHB Ivan Costello
|
0-0: Called Strike Anastasio Movonda is caught stealing 2nd base 0-1: Swinging Strike 0-2: Fly out, F4 (Popup, 4)
|
Bottom of the 7th over - 0 run(s), 2 hit(s), 0 error(s), 1 left on base; Scottsdale 1 - Savannah 3 |
TOP OF THE 8TH |
Scottsdale Scorpions batting - Pitching for Savannah Hogs : LHP Miguel Valentín
|
Batting: RHB Robinson Fernández
|
0-0: Ball 1-0: Ground out 6-3 (Groundball, 6)
|
Batting: LHB José Garza
|
0-0: Swinging Strike 0-1: TRIPLE (Flyball, 9)
|
Batting: LHB Alberto Roberts
|
0-0: Called Strike 0-1: Foul Ball, location: 2F 0-2: Ball 1-2: Foul Ball, location: 2F 1-2: Ball 2-2: Foul Ball, location: 2F 2-2: Ball Wild Pitch! José Garza scores 3-2: Strikes out swinging
|
Pitching: RHP António Encarnación
|
|
Batting: RHB Lúcio Ramírez
|
0-0: Ball 1-0: Ball 2-0: Swinging Strike 2-1: Foul Ball, location: 2F 2-2: Strikes out looking
|
Top of the 8th over - 1 run(s), 1 hit(s), 0 error(s), 0 left on base; Scottsdale 2 - Savannah 3 |
BOTTOM OF THE 8TH |
Savannah Hogs batting - Pitching for Scottsdale Scorpions : RHP Julian Corbitt
|
Batting: LHB Manny Hernández
|
0-0: Called Strike 0-1: Called Strike 0-2: Fly out, F9 (Line Drive, 9)
|
Batting: RHB Júlio Peña
|
0-0: Ball 1-0: Ball 2-0: Fly out, F8 (Flyball, 8LD)
|
Batting: LHB Jim Clemente
|
0-0: Called Strike 0-1: Ball 1-1: Called Strike 1-2: Ball 2-2: Foul Ball, location: 2F 2-2: Strikes out swinging
|
Bottom of the 8th over - 0 run(s), 0 hit(s), 0 error(s), 0 left on base; Scottsdale 2 - Savannah 3 |
TOP OF THE 9TH |
Scottsdale Scorpions batting - Pitching for Savannah Hogs : RHP António Encarnación
|
Pitching: RHP Shannon Wallace
|
|
Batting: SHB Arnold Moore
|
0-0: Ball 1-0: Foul Ball, location: 2F 1-1: Called Strike 1-2: Ball 2-2: Ball 3-2: Base on Balls
|
Pinch Runner at 1st Ricardo Gutiérrez:
|
|
Pinch Hitting: LHB Sergio Fernández
|
0-0: Foul Ball, location: 2F 0-1: Fly out, F9 (Flyball, 89D)
|
Batting: SHB Juan Gonzáles
|
0-0: Ball 1-0: Swinging Strike 1-1: SINGLE (Flyball, 78S) Ricardo Gutiérrez to second
|
Batting: LHB Manny Vigil
|
0-0: Foul Ball, location: 2F 0-1: Ball 1-1: Reached on error, E5 (Groundball, 56) Ricardo Gutiérrez to third Juan Gonzáles to second
|
Pinch Hitting: RHB Edgardo Gonzáles
|
0-0: Ball 1-0: Ball 2-0: Ball 3-0: Base on Balls Ricardo Gutiérrez scores Juan Gonzáles to third Manny Vigil to second
|
Pinch Hitting: RHB Cristián Román
|
0-0: Called Strike 0-1: Foul Ball, location: 2F 0-2: Ball 1-2: Foul Ball, location: 2F 1-2: Strikes out looking
|
Batting: LHB José Garza
|
0-0: Called Strike 0-1: Called Strike 0-2: Ball 1-2: Ball 2-2: SINGLE (Groundball, 6D) Juan Gonzáles scores Manny Vigil to third Edgardo Gonzáles to second Runner from 3rd tries for Home, SAFE, throw made home Edgardo Gonzáles to third José Garza to second
|
Pitching: RHP José Gonzáles
|
|
Batting: LHB Alberto Roberts
|
0-0: Ball 1-0: SINGLE (Groundball, 4D) Edgardo Gonzáles scores José Garza to third Runner from 3rd tries for Home, SAFE, no throw
|
Batting: RHB Lúcio Ramírez
|
0-0: SINGLE (Groundball, 4MD) Alberto Roberts to second Runner from 2nd tries for 3rd, SAFE, no throw
|
Batting: RHB Ricardo Gutiérrez
|
0-0: Foul Ball, location: 2F 0-1: Called Strike 0-2: Foul Ball, location: 2F 0-2: Strikes out swinging
|
Top of the 9th over - 5 run(s), 4 hit(s), 1 error(s), 2 left on base; Scottsdale 7 - Savannah 3 |
BOTTOM OF THE 9TH |
Savannah Hogs batting - Pitching for Scottsdale Scorpions : RHP Julian Corbitt
|
Now at C: Cristián Román
|
|
Now at 3B: Edgardo Gonzáles
|
|
Now at SS: Ricardo Gutiérrez
|
|
Batting: RHB Ernesto Gómez
|
0-0: SINGLE (Line Drive, 9S)
|
Now at SS: Ronald Smith
|
|
Batting: RHB Sergio Moreno
|
0-0: Ball 1-0: Foul Ball, location: 2F 1-1: SINGLE (Groundball, 56D) Ernesto Gómez to second
|
Pitching: RHP Jesús Ramírez
|
|
Batting: RHB Remi Eruzione
|
0-0: Swinging Strike 0-1: Called Strike 0-2: Strikes out swinging
|
Batting: RHB Henry Dawson
|
0-0: Ball 1-0: Ball 2-0: Ball 3-0: Base on Balls Ernesto Gómez to third Sergio Moreno to second
|
Pinch Hitting: LHB Juan Delgado
|
0-0: DOUBLE (Flyball, 78XD) Ernesto Gómez scores Sergio Moreno scores Henry Dawson to third Runner from 3rd tries for Home, SAFE, no throw
|
Batting: LHB Ivan Costello
|
0-0: Ball 1-0: Ball 2-0: Called Strike 2-1: Called Strike 2-2: Foul Ball, location: 2F 2-2: SINGLE (Line Drive, 7S) Juan Delgado to third Runner from 3rd tries for Home, SAFE, no throw
|
Pinch Runner at 1st Marv Alexander:
|
|
Batting: LHB Manny Hernández
|
Pickoff Throw to First - Error! E1 Marv Alexander to second 0-0: Intentional Walk
|
Batting: RHB Júlio Peña
|
0-0: Ball Marv Alexander steals 3rd base Manny Hernández to second 1-0: Intentional Walk
|
Batting: LHB Jim Clemente
|
0-0: Ball 1-0: Foul Ball, location: 2F 1-1: Called Strike 1-2: Strikes out looking
|
Pinch Hitting: LHB Pedro Medine
|
0-0: Ball 1-0: GRAND SLAM HOME RUN (Flyball, 89XD), Distance : 394 ft
|
Thursday, March 30th, 2017 - OOTP Baseball 17.12 Build 75
|
|